TOP OF THE 1ST |
San Francisco Giants batting - Pitching for Detroit Tigers : RHP Taylor Widener
|
Pitching: RHP Taylor Widener
|
|
Batting: LHB Cavan Biggio
|
0-0: Fly out, F8 (Flyball, 8LD, EV 103.8 MPH)
|
Batting: RHB Yairo Munoz
|
0-0: SOLO HOME RUN (Flyball, 7LD, EV 92.5 MPH), Distance : 375 ft
|
Batting: LHB Rougned Odor
|
0-0: Ball 1-0: Ball 2-0: Called Strike 2-1: Ball 3-1: Base on Balls
|
Batting: RHB Austin Slater
|
0-0: Called Strike 0-1: Called Strike 0-2: Foul Ball, location: 2F 0-2: Ball 1-2: Strikes out swinging
|
Batting: LHB Billy McKinney
|
0-0: Called Strike 0-1: Ball 1-1: Ball 2-1: Ball 3-1: Foul Ball, location: 2F 3-2: Hit by Pitch Rougned Odor to second
|
Batting: RHB David Bote
|
0-0: Fly out, F9 (Flyball, 9LD, EV 84.4 MPH)
|
Top of the 1st over - 1 run, 1 hit, 0 errors, 2 left on base; San Francisco 1 - Detroit 0 |
BOTTOM OF THE 1ST |
Detroit Tigers batting - Pitching for San Francisco Giants : RHP DJ Myers
|
Pitching: RHP DJ Myers
|
|
Batting: RHB Jean Segura
|
0-0: Fly out, F7 (Line Drive, 7D, EV 97.5 MPH)
|
Batting: RHB Starling Marte
|
0-0: Ball 1-0: Called Strike 1-1: Ball 2-1: Foul Ball, location: 2F 2-2: Foul Ball, location: 2F 2-2: Fly out, F8 (Flyball, 8RM, EV 94.4 MPH)
|
Batting: RHB Jake Marisnick
|
0-0: Called Strike 0-1: Ball 1-1: Ball 2-1: Ball 3-1: Foul Ball, location: 2F 3-2: Fly out, F6 (Popup, 6, EV 79.4 MPH)
|
Bottom of the 1st over - 0 runs, 0 hits, 0 errors, 0 left on base; San Francisco 1 - Detroit 0 |
TOP OF THE 2ND |
San Francisco Giants batting - Pitching for Detroit Tigers : RHP Taylor Widener
|
Batting: LHB Ryan Schimpf
|
0-0: Ball 1-0: Foul Ball, location: 2F 1-1: Swinging Strike 1-2: Foul Ball, location: 2F 1-2: Ball 2-2: Fly out, F7 (Flyball, 7LM, EV 84.4 MPH)
|
Batting: LHB Steven Duggar
|
0-0: Ball 1-0: Ball 2-0: Ground out 6-3 (Groundball, 4M, EV 94.4 MPH)
|
Batting: RHB Welington Castillo
|
0-0: Called Strike 0-1: Foul Ball, location: 2F 0-2: Ball 1-2: Ground out 5-3 (Groundball, 56, EV 108.1 MPH)
|
Top of the 2nd over - 0 runs, 0 hits, 0 errors, 0 left on base; San Francisco 1 - Detroit 0 |
BOTTOM OF THE 2ND |
Detroit Tigers batting - Pitching for San Francisco Giants : RHP DJ Myers
|
Batting: RHB George Springer
|
0-0: Called Strike 0-1: Swinging Strike 0-2: Foul Ball, location: 2F 0-2: Ball 1-2: Foul Ball, location: 2F 1-2: Ball 2-2: Ball 3-2: SINGLE (Flyball, 3D, EV 96.3 MPH)
|
Batting: RHB Jose Abreu
|
0-0: Ball 1-0: Ball 2-0: Called Strike 2-1: Foul Ball, location: 2F 2-2: Strikes out swinging
|
Batting: RHB Khris Davis
|
0-0: Ball 1-0: Foul Ball, location: 2F 1-1: Called Strike 1-2: Ball 2-2: Grounds into double play, 1-6-3 (Groundball, 13S, EV 75.6 MPH)
|
Bottom of the 2nd over - 0 runs, 1 hit, 0 errors, 0 left on base; San Francisco 1 - Detroit 0 |
TOP OF THE 3RD |
San Francisco Giants batting - Pitching for Detroit Tigers : RHP Taylor Widener
|
Batting: LHB Cavan Biggio
|
0-0: Ground out 5-3 (Groundball, 56, EV 85.6 MPH)
|
Batting: RHB Yairo Munoz
|
0-0: Called Strike 0-1: Swinging Strike 0-2: Ball 1-2: Ball 2-2: Foul Ball, location: 2F 2-2: SINGLE (Line Drive, 8RS, EV 108.1 MPH)
|
Batting: LHB Rougned Odor
|
0-0: Ball 1-0: Ball 2-0: Ball 3-0: Base on Balls Yairo Munoz to second
|
Batting: RHB Austin Slater
|
0-0: Called Strike 0-1: Ball 1-1: Grounds into double play, 6-4-3 (Groundball, 6M, EV 85.6 MPH)
|
Top of the 3rd over - 0 runs, 1 hit, 0 errors, 1 left on base; San Francisco 1 - Detroit 0 |
BOTTOM OF THE 3RD |
Detroit Tigers batting - Pitching for San Francisco Giants : RHP DJ Myers
|
Batting: RHB J.T. Realmuto
|
0-0: Called Strike 0-1: Swinging Strike 0-2: Foul Ball, location: 2F 0-2: Ball 1-2: Ball 2-2: Foul Ball, location: 2F 2-2: Strikes out swinging
|
Batting: RHB J.D. Davis
|
0-0: Swinging Strike 0-1: Ball 1-1: Ground out 6-3 (Groundball, 6, EV 87.5 MPH)
|
Batting: LHB Kolten Wong
|
0-0: Called Strike 0-1: Ball 1-1: Called Strike 1-2: Ball 2-2: Strikes out swinging
|
Bottom of the 3rd over - 0 runs, 0 hits, 0 errors, 0 left on base; San Francisco 1 - Detroit 0 |
TOP OF THE 4TH |
San Francisco Giants batting - Pitching for Detroit Tigers : RHP Taylor Widener
|
Batting: LHB Billy McKinney
|
0-0: Ball 1-0: Foul Ball, location: 2F 1-1: Foul Ball, location: 2F 1-2: Foul Ball, location: 2F 1-2: Strikes out swinging
|
Batting: RHB David Bote
|
0-0: Foul Ball, location: 2F 0-1: Fly out, F9 (Flyball, 9S, EV 88.8 MPH)
|
Batting: LHB Ryan Schimpf
|
0-0: Called Strike 0-1: Ball 1-1: Foul Ball, location: 2F 1-2: TRIPLE (Flyball, 89XD, EV 100.6 MPH)
|
Batting: LHB Steven Duggar
|
0-0: Called Strike 0-1: Ball 1-1: Ball 2-1: Foul Ball, location: 2F 2-2: Foul Ball, location: 2F 2-2: Strikes out swinging
|
Top of the 4th over - 0 runs, 1 hit, 0 errors, 1 left on base; San Francisco 1 - Detroit 0 |
BOTTOM OF THE 4TH |
Detroit Tigers batting - Pitching for San Francisco Giants : RHP DJ Myers
|
Batting: RHB Jean Segura
|
0-0: Ball 1-0: Ball 2-0: Ball 3-0: Called Strike 3-1: Called Strike 3-2: SINGLE (Line Drive, 8LS, EV 106.3 MPH)
|
Batting: RHB Starling Marte
|
0-0: Called Strike 0-1: Swinging Strike 0-2: 2-RUN HOME RUN (Line Drive, 7LD, EV 107.5 MPH), Distance : 413 ft
|
Batting: RHB Jake Marisnick
|
0-0: Ground out 4-3 (Groundball, 4, EV 85.0 MPH)
|
Batting: RHB George Springer
|
0-0: Called Strike 0-1: Foul Ball, location: 2F 0-2: Foul Ball, location: 2F 0-2: Ball 1-2: Ball 2-2: Ball 3-2: Hit by Pitch
|
Batting: RHB Jose Abreu
|
0-0: Foul Ball, location: 2F 0-1: Ball 1-1: Grounds into double play, 5-4-3 (Groundball, 56, EV 78.1 MPH)
|
Bottom of the 4th over - 2 runs, 2 hits, 0 errors, 0 left on base; San Francisco 1 - Detroit 2 |
TOP OF THE 5TH |
San Francisco Giants batting - Pitching for Detroit Tigers : RHP Taylor Widener
|
Batting: RHB Welington Castillo
|
0-0: Swinging Strike 0-1: Ball 1-1: Fly out, F8 (Line Drive, 8RM, EV 93.1 MPH)
|
Batting: LHB Cavan Biggio
|
0-0: Swinging Strike 0-1: Ball 1-1: Foul Ball, location: 2F 1-2: Foul Ball, location: 2F 1-2: Strikes out swinging
|
Batting: RHB Yairo Munoz
|
0-0: Called Strike 0-1: Ball 1-1: Called Strike 1-2: Ball 2-2: SINGLE (Groundball, 5D, EV 99.4 MPH)
|
Batting: LHB Rougned Odor
|
0-0: Ball 1-0: DOUBLE (Line Drive, 9LM, EV 108.8 MPH) Yairo Munoz to third Runner from 3rd tries for Home, SAFE, no throw by RF
|
Batting: RHB Austin Slater
|
0-0: Swinging Strike 0-1: DOUBLE (Line Drive, 9LD, EV 102.5 MPH) Rougned Odor scores
|
Batting: LHB Billy McKinney
|
0-0: Ball 1-0: TRIPLE (Flyball, 78XD, EV 101.3 MPH) Austin Slater scores
|
Batting: RHB David Bote
|
0-0: Called Strike 0-1: Called Strike 0-2: Strikes out swinging
|
Top of the 5th over - 3 runs, 4 hits, 0 errors, 1 left on base; San Francisco 4 - Detroit 2 |
BOTTOM OF THE 5TH |
Detroit Tigers batting - Pitching for San Francisco Giants : RHP DJ Myers
|
Batting: RHB Khris Davis
|
0-0: Foul Ball, location: 2F 0-1: DOUBLE (Line Drive, 7LM, EV 96.9 MPH)
|
Batting: RHB J.T. Realmuto
|
0-0: Ball 1-0: Ground out 6-3 (Groundball, 6, EV 102.5 MPH)
|
Batting: RHB J.D. Davis
|
0-0: Ball 1-0: Foul Ball, location: 2F 1-1: Ball 2-1: SINGLE (Groundball, 56, EV 95.6 MPH) Khris Davis to third Throwing error, E7 Khris Davis scores J.D. Davis to second
|
Batting: LHB Kolten Wong
|
0-0: Ball 1-0: Foul Ball, location: 2F 1-1: Ball 2-1: Ball 3-1: Base on Balls
|
Batting: RHB Jean Segura
|
0-0: Called Strike 0-1: Fielders Choice at 2nd, 6-4 (Groundball, 56, EV 91.9 MPH) J.D. Davis to third
|
Batting: RHB Starling Marte
|
0-0: Ball 1-0: SINGLE (Line Drive, 78S, EV 105.6 MPH) J.D. Davis scores Jean Segura to second
|
Batting: RHB Jake Marisnick
|
0-0: Foul Ball, location: 2F 0-1: Swinging Strike 0-2: Strikes out swinging
|
Bottom of the 5th over - 2 runs, 3 hits, 1 error, 2 left on base; San Francisco 4 - Detroit 4 |
TOP OF THE 6TH |
San Francisco Giants batting - Pitching for Detroit Tigers : RHP Taylor Widener
|
Pitching: LHP Tyler Lyons
|
|
Batting: LHB Ryan Schimpf
|
0-0: Ball 1-0: Fly out, F9 (Flyball, 9S, EV 96.3 MPH)
|
Batting: LHB Steven Duggar
|
0-0: Bunt for hit to 3S - play at first, batter safe!
|
Batting: RHB Welington Castillo
|
0-0: Hit by Pitch Steven Duggar to second
|
Batting: LHB Cavan Biggio
|
0-0: Foul Ball, location: 2F 0-1: Ball 1-1: Swinging Strike 1-2: Ball 2-2: Strikes out looking
|
Batting: RHB Yairo Munoz
|
0-0: Fly out, F9 (Flyball, 9LS, EV 95.6 MPH)
|
Top of the 6th over - 0 runs, 1 hit, 0 errors, 2 left on base; San Francisco 4 - Detroit 4 |
BOTTOM OF THE 6TH |
Detroit Tigers batting - Pitching for San Francisco Giants : RHP DJ Myers
|
Pitching: RHP Brooks Kriske
|
|
Batting: RHB George Springer
|
0-0: Called Strike 0-1: Foul Ball, location: 2F 0-2: Ball 1-2: Ball 2-2: Strikes out swinging
|
Batting: RHB Jose Abreu
|
0-0: Called Strike 0-1: Ball 1-1: Ball 2-1: Called Strike 2-2: Foul Ball, location: 2F 2-2: Fly out, F9 (Line Drive, 9D, EV 86.3 MPH)
|
Batting: RHB Khris Davis
|
0-0: Ball 1-0: Ball 2-0: SINGLE (Line Drive, 4D, EV 104.4 MPH)
|
Batting: RHB J.T. Realmuto
|
0-0: Ball 1-0: Ball 2-0: Called Strike 2-1: Fly out, F8 (Line Drive, 8LM, EV 88.8 MPH)
|
Bottom of the 6th over - 0 runs, 1 hit, 0 errors, 1 left on base; San Francisco 4 - Detroit 4 |
TOP OF THE 7TH |
San Francisco Giants batting - Pitching for Detroit Tigers : LHP Tyler Lyons
|
Batting: LHB Rougned Odor
|
0-0: Called Strike 0-1: Ball 1-1: Called Strike 1-2: Ball 2-2: Strikes out swinging
|
Batting: RHB Austin Slater
|
0-0: Foul Ball, location: 2F 0-1: Swinging Strike 0-2: Ball 1-2: Foul Ball, location: 2F 1-2: Foul Ball, location: 2F 1-2: Ball 2-2: Strikes out swinging
|
Batting: LHB Billy McKinney
|
0-0: Swinging Strike 0-1: Fly out, F6 (Popup, 6D, EV 70.6 MPH)
|
Top of the 7th over - 0 runs, 0 hits, 0 errors, 0 left on base; San Francisco 4 - Detroit 4 |
BOTTOM OF THE 7TH |
Detroit Tigers batting - Pitching for San Francisco Giants : RHP Brooks Kriske
|
Pitching: RHP Daniel Hudson
|
|
Batting: RHB J.D. Davis
|
0-0: Ball 1-0: Ball 2-0: Ball 3-0: Called Strike 3-1: Foul Ball, location: 2F 3-2: Foul Ball, location: 2F 3-2: Foul Ball, location: 2F 3-2: Ground out 6-3 (Groundball, 56, EV 87.5 MPH)
|
Batting: LHB Kolten Wong
|
0-0: Ball 1-0: SINGLE (Line Drive, 4M, EV 99.4 MPH)
|
Batting: RHB Jean Segura
|
0-0: Ground out U3 (Groundball, 34, EV 109.4 MPH) Kolten Wong to second
|
Batting: RHB Starling Marte
|
0-0: Intentional Walk
|
Batting: RHB Jake Marisnick
|
0-0: Called Strike 0-1: Ball 1-1: Swinging Strike 1-2: Ball 2-2: Strikes out swinging
|
Bottom of the 7th over - 0 runs, 1 hit, 0 errors, 2 left on base; San Francisco 4 - Detroit 4 |
TOP OF THE 8TH |
San Francisco Giants batting - Pitching for Detroit Tigers : LHP Tyler Lyons
|
Pitching: LHP Zack Britton
|
|
Batting: RHB David Bote
|
0-0: Foul Ball, location: 2F 0-1: Called Strike 0-2: Strikes out swinging
|
Batting: LHB Ryan Schimpf
|
0-0: Hit by Pitch
|
Batting: LHB Steven Duggar
|
0-0: Ball 1-0: Called Strike 1-1: Ball 2-1: Fielders Choice at 2nd, 4-6 (Groundball, 4M, EV 86.3 MPH)
|
Batting: RHB Welington Castillo
|
0-0: Ball Steven Duggar steals 2nd base (no throw) 1-0: Swinging Strike 1-1: Swinging Strike 1-2: Foul Ball, location: 2F 1-2: Foul Ball, location: 2F 1-2: Strikes out swinging
|
Top of the 8th over - 0 runs, 0 hits, 0 errors, 1 left on base; San Francisco 4 - Detroit 4 |
BOTTOM OF THE 8TH |
Detroit Tigers batting - Pitching for San Francisco Giants : RHP Daniel Hudson
|
Pitching: RHP Joakim Soria
|
|
Batting: RHB George Springer
|
0-0: Ball 1-0: Ball 2-0: Ball 3-0: Base on Balls
|
Batting: RHB Jose Abreu
|
0-0: Called Strike 0-1: Foul Ball, location: 2F 0-2: Foul Ball, location: 2F 0-2: Strikes out swinging
|
Batting: RHB Khris Davis
|
0-0: Foul Ball, location: 2F 0-1: Ball 1-1: Ball 2-1: Ball 3-1: Grounds into double play, 4-6-3 (Groundball, 4, EV 93.1 MPH)
|
Bottom of the 8th over - 0 runs, 0 hits, 0 errors, 0 left on base; San Francisco 4 - Detroit 4 |
TOP OF THE 9TH |
San Francisco Giants batting - Pitching for Detroit Tigers : LHP Zack Britton
|
Pitching: RHP Pedro Baez
|
|
Batting: LHB Cavan Biggio
|
0-0: Ball 1-0: Ground out 6-3 (Groundball, 6, EV 102.5 MPH)
|
Batting: RHB Yairo Munoz
|
0-0: Ball 1-0: Ball 2-0: Ball 3-0: Base on Balls
|
Batting: LHB Rougned Odor
|
0-0: Called Strike 0-1: Ball Wild Pitch! Yairo Munoz to second 1-1: Called Strike 1-2: Fly out, F8 (Flyball, 8LM, EV 92.5 MPH) Runner from 2nd tags up, SAFE at 3rd with throw by CF
|
Batting: RHB Austin Slater
|
0-0: Ball 1-0: Called Strike 1-1: Swinging Strike 1-2: Strikes out swinging
|
Top of the 9th over - 0 runs, 0 hits, 0 errors, 1 left on base; San Francisco 4 - Detroit 4 |
BOTTOM OF THE 9TH |
Detroit Tigers batting - Pitching for San Francisco Giants : RHP Joakim Soria
|
Pitching: RHP Kazuhisa Makita
|
|
Batting: RHB J.T. Realmuto
|
0-0: Called Strike 0-1: Foul Ball, location: 2F 0-2: Ball 1-2: Strikes out swinging
|
Batting: RHB J.D. Davis
|
0-0: Foul Ball, location: 2F 0-1: Ball 1-1: DOUBLE (Line Drive, 7LS, EV 96.9 MPH)
|
Batting: LHB Kolten Wong
|
0-0: Called Strike 0-1: Foul Ball, location: 2F 0-2: Ball 1-2: Ball 2-2: Ball 3-2: Foul Ball, location: 2F 3-2: Foul Ball, location: 2F 3-2: Base on Balls
|
Batting: RHB Jean Segura
|
0-0: Called Strike 0-1: Ball 1-1: Reached on error, E9 (Flyball, 9D, EV 102.5 MPH) J.D. Davis to third Kolten Wong to second
|
Batting: RHB Starling Marte
|
0-0: Foul Ball, location: 2F 0-1: Ball 1-1: Swinging Strike 1-2: Fly out, F8 (Line Drive, 8RM, EV 86.3 MPH) Runner from 3rd tags up, SCORES, throw by CF
|
Bottom of the 9th over - 1 run, 1 hit, 1 error, 0 left on base; San Francisco 4 - Detroit 5 |
|